 Dungeon Crawl Stone Soup version 0.24.0-125-gc4c63601f3 (webtiles) character file.

Game seed: 2140316534194714014, levelgen mode: deterministic

17504 Pumpowlkin the Brawler (level 12, -4/126 HPs)
             Began as a Troll Chaos Knight on Feb 29, 2020.
             Was a Plaything of Xom.
             Slain by a nine-headed hydra (16 damage)
             ... on level 3 of the Lair of Beasts.
             The game lasted 00:41:53 (11135 turns).

Pumpowlkin the Brawler (Troll Chaos Knight)        Turns: 11135, Time: 00:41:53

Health: -4/126     AC:  9    Str: 27    XL:     12   Next: 19%
Magic:  11/11      EV: 10    Int:  8    God:    Xom [......]
Gold:   1009       SH:  0    Dex:  9    Spells: 11/11 levels left

rFire    . . .     SeeInvis +     - Unarmed
rCold    + . .     Gourm    +   (no shield)
rNeg     . . .     Faith    .   a - +2 robe
rPois    .         Spirit   .   R - +1 hat {SInv}
rElec    .         Reflect  .   (no cloak)
rCorr    .         Harm     .   (gloves unavailable)
MR       .....                  (boots unavailable)
Stlth    +.........             (no amulet)
HPRegen  0.71/turn              (no ring)
MPRegen  0.12/turn              (no ring)

@: about to teleport
A: large, unfitting armour, beak, claws 3, horns 1, cold resistance 1, fast
metabolism 3, gourmand, regeneration 1, robust 1, shaggy fur 1, tough skin 3
a: Renounce Religion


You were on level 3 of the Lair of Beasts.
You worshipped Xom.
You were a very special plaything of Xom.
You were very full.

You visited 2 branches of the dungeon, and saw 15 of its levels.
You also visited: Ossuary.

You collected 1009 gold pieces.

Inventory:

Hand Weapons
 G - a +0 giant club
Missiles
 f - 540 stones (quivered)
 g - 96 bolts
 x - 77 sling bullets
 J - 5 throwing nets
 M - 18 boomerangs
Armour
 a - a +2 robe (worn)
 R - a +1 hat of see invisible (worn)
Jewellery
 i - an uncursed amulet of rage {unknown}
 u - an uncursed amulet of the gourmand
 y - an uncursed ring of positive energy {unknown}
 I - an uncursed amulet of the gourmand
 O - an uncursed ring of fire {unknown}
 U - an uncursed ring of flight {unknown}
Wands
 B - a wand of digging (5)
 N - a wand of enslavement (18)
 P - a wand of flame (32)
 Q - a wand of iceblast (6)
Scrolls
 c - 6 scrolls of identify
 d - 2 scrolls of magic mapping {unknown}
 j - 7 scrolls of teleportation
 o - a scroll of amnesia {unknown}
 q - 3 scrolls of blinking
 s - 4 scrolls of remove curse {unknown}
 w - 3 scrolls of fear {unknown}
 z - 4 scrolls of immolation {unknown}
 A - 2 scrolls of random uselessness {unknown}
 C - 3 scrolls of noise {unknown}
 F - 2 scrolls of enchant armour {unknown}
 L - 4 scrolls of enchant weapon {unknown}
 S - a scroll of summoning {unknown}
Potions
 e - 2 potions of flight {unknown}
 h - 5 potions of lignification
 k - a potion of might {unknown}
 l - 5 potions of curing
 m - 2 potions of resistance
 n - 3 potions of ambrosia
 p - 2 potions of brilliance
 r - a potion of cancellation {unknown}
 v - 7 potions of haste {unknown}
 D - a potion of mutation {unknown}
 E - 2 potions of agility {unknown}
 H - a potion of invisibility {unknown}
 K - a potion of magic {unknown}
 T - 2 potions of heal wounds
 W - 2 potions of berserk rage {unknown}
Miscellaneous
 t - a fan of gales
Comestibles
 b - 33 rations


   Skills:
 + Level 6.5 Fighting
 - Level 3.1 Dodging
 - Level 1.0 Stealth
 + Level 17.4 Unarmed Combat


You had 11 spell levels left.
You didn't know any spells.
Your spell library contained the following spells:

 Spells                   Type           Power        Failure   Level  Hunger
 Animate Skeleton         Necr           N/A          41%         1    ##.....
 Pain                     Necr           #...         41%         1    ##.....
 Sandblast                Erth           #.....       41%         1    ##.....
 Sting                    Conj/Pois      #...         41%         1    ##.....
 Passwall                 Tmut/Erth      #.......     54%         2    ###....
 Poisonous Vapours        Pois/Air       #.....       54%         2    ###....
 Mephitic Cloud           Conj/Pois/Air  #.......     78%         3    ####...
 Regeneration             Chrm/Necr      #.........   78%         3    ####...
 Stone Arrow              Conj/Erth      #.....       78%         3    ####...
 Vampiric Draining        Necr           #.........   78%         3    ####...
 Animate Dead             Necr           N/A          99%         4    #####..
 Olgreb's Toxic Radiance  Pois           #.......     99%         4    #####..
 Petrify                  Tmut/Erth      #.......     99%         4    #####..
 Lee's Rapid Deconstruct  Erth           #.........   100%        5    ######.
 Venom Bolt               Conj/Pois      #.........   100%        5    ######.


Dungeon Overview and Level Annotations

Branches:
Dungeon (11/15)            Temple (0/1) D:5            Lair (4/6) D:10
 Spider (0/4) Lair:3      Ossuary (visited)
  Swamp: Lair:2-4    Shoals: Lair:2-4       Orc: D:9-12

Altars:
Ashenzari
Fedhas
Gozag
Kikubaaqudgha
Makhleb
Okawaru
Ru
Xom
Zin
The Shining One
Beogh

Annotations:
Lair:1 exclusion: oklob plant


Innate Abilities, Weirdness & Mutations

You are too large for most types of armour.
You have claws for hands.
Your metabolism is lightning-fast.
You like to eat raw meat.
Your natural rate of healing is unusually fast.
You are covered in fur. (AC +1)
You have extremely tough skin. (AC +3)
You have a beak for a mouth.
You have a pair of small horns on your head.
Your flesh is cold resistant. (rC+)
You are robust. (+10% HP)


Message History

The nine-headed hydra bites you but does no damage.
You climb upwards.
There is a stone staircase leading down here.
As you read the scroll of teleportation, it crumbles to dust.
You feel strangely unstable.
The nine-headed hydra closely misses you.
The nine-headed hydra bites you but does no damage.
The nine-headed hydra closely misses you.
The nine-headed hydra bites you.
* * * LOW HITPOINT WARNING * * *
The nine-headed hydra bites you!
* * * LOW HITPOINT WARNING * * *
The nine-headed hydra bites you.
* * * LOW HITPOINT WARNING * * *
The nine-headed hydra bites you.
* * * LOW HITPOINT WARNING * * *
The nine-headed hydra barely misses you.
The nine-headed hydra bites you!
You die...
Xom roars with laughter!

.####............................
....................#######.....#
..#.P...............# #......
.....P..............# ##.....
.............####...## ##....
.......<.....# ##.P.P########..##
......#......###...P##.##.##...##
............###.D.........##.....
............##..@........##......
.................................
..............#.......#.P##......
........∩....#..................#
....P##.....###..................
.......#....P....................
.................................
...#.####.....#..................
...### #...>...#....#...........#


You could see a nine-headed hydra.

Vanquished Creatures
  Harold (D:7)
  2 two-headed ogres
  A cyclops (D:11)
  An orb spider (Lair:3)
  An ugly thing (D:11)
  4 spiny frogs
  A gargoyle (D:10)
  A rime drake (Lair:3)
  2 komodo dragons
  A troll (D:9)
  2 hippogriffs
  Sigmund (D:6)
  3 wraiths (D:10)
  A shadow (D:11)
  18 yaks
  A wyvern (D:10)
  A hog (D:7)
  Menkaure (D:7)
  6 water moccasins
  4 orc warriors
  3 porcupines
  2 sky beasts
  3 ice beasts
  A black bear (D:8)
  An eye of draining (D:8)
  2 phantoms
  2 centaurs
  4 ogres
  A necrophage (D:10)
  7 crocodiles
  2 big kobolds
  6 bullfrogs
  2 elf skeletons (D:4)
  3 scorpions
  A killer bee (D:9)
  3 centaur zombies (Ossuary)
  4 crimson imps
  2 bullfrog zombies
  4 hounds
  5 orc priests
  A bullfrog skeleton (D:6)
  3 centaur skeletons
  2 jellies
  4 iguanas
  2 human skeletons (D:4)
  7 orc wizards
  12 worker ants
  3 big kobold zombies (Ossuary)
  A hound zombie (D:10)
  5 mummies (Ossuary)
  Robin (D:4)
  4 gnolls
  7 adders
  6 shadow imps
  2 oozes
  2 adder zombies
  A worm (D:2)
  3 adder skeletons
  3 leopard geckos
  44 orcs
  5 bats
  5 giant cockroaches
  6 hobgoblins
  10 jackals
  12 kobolds
  8 quokkas
  A ball python (D:5)
  7 frilled lizards
  15 goblins
  4 hobgoblin zombies (Ossuary)
  A jackal zombie (D:6)
  A leopard gecko skeleton (D:5)
  3 orc skeletons (D:4)
  4 orc zombies (D:4)
  A quokka skeleton (D:4)
  4 rats
  A plant (D:6)
312 creatures vanquished.

Vanquished Creatures (collateral kills)
  Gastronok (Lair:1)
  A yak (Lair:2)
  3 hogs (D:7)
  A human (D:7)
  A sky beast (D:7)
  A centaur (D:7)
  A scorpion (D:7)
  5 killer bees (D:7)
  A bullfrog zombie (D:7)
  2 orcs (D:7)
17 creatures vanquished.

Vanquished Creatures (others)
  A plant (Lair:1)
1 creature vanquished.

Grand Total: 330 creatures vanquished

Notes
Turn   | Place    | Note
-------+----------+-------------------------------------------
     0 | D:1      | Pumpowlkin the Troll Chaos Knight began the quest for the
                  | Orb.
     0 | D:1      | Reached XP level 1. HP: 22/22 MP: 0/0
    68 | D:1      | XOM: divination: detect creatures
   121 | D:1      | XOM: harmless Tmut miscast
   183 | D:1      | XOM: harmless Air miscast
   184 | D:1      | Reached XP level 2. HP: 29/29 MP: 1/1
   227 | D:1      | XOM: potion effect (haste)
   965 | D:2      | XOM: potion effect (haste)
  1006 | D:2      | Reached XP level 3. HP: 36/36 MP: 2/2
  1066 | D:2      | XOM: confuse monster(s)
  1087 | D:2      | XOM: divination: detect items
  1184 | D:2      | XOM: harmless Hex miscast
  1215 | D:2      | Found a shattered altar of Ashenzari.
  1215 | D:2      | Found an iron altar of Okawaru.
  1216 | D:2      | Found a glowing golden altar of the Shining One.
  1225 | D:2      | Found a blossoming altar of Fedhas.
  1329 | D:2      | Reached skill level 4 in Unarmed Combat
  1329 | D:2      | Reached XP level 4. HP: 44/44 MP: 3/3
  1641 | D:2      | Noticed an angel
  1642 | D:2      | Found a glowing silver altar of Zin.
  2002 | D:3      | Found an ancient bone altar of Kikubaaqudgha.
  2316 | D:4      | Noticed a phantom
  2337 | D:4      | XOM: swap monsters
  2344 | D:4      | XOM: swap monsters
  2354 | D:4      | Killed a phantom
  2354 | D:4      | Reached XP level 5. HP: 43/52 MP: 4/4
  2403 | D:4      | XOM: harmless Air miscast
  2451 | D:4      | XOM: enchant monster (bad)
  2459 | D:4      | Reached skill level 5 in Unarmed Combat
  2475 | D:4      | Reached skill level 1 in Stealth
  2479 | D:4      | XOM: give mutations
  2479 | D:4      | Gained mutation: Your flesh is cold resistant. (rC+) [Xom's
                  | grace]
  2479 | D:4      | Gained mutation: You are robust. (+10% HP) [Xom's grace]
  2479 | D:4      | Gained mutation: You have a pair of small horns on your
                  | head. [Xom's grace]
  2501 | D:4      | XOM: stat loss: -1 Dex (8/9)
  2614 | D:4      | Noticed Robin
  2643 | D:4      | Killed Robin
  2643 | D:4      | Reached XP level 6. HP: 66/67 MP: 5/5
  2675 | D:4      | XOM: harmless Erth miscast
  2806 | D:4      | Found a sand-covered staircase.
  2809 | D:4      | XOM: potion effect (might)
  2813 | D:4      | Reached skill level 6 in Unarmed Combat
  2862 | Ossuary  | Entered an ossuary
  2871 | Ossuary  | Reached XP level 7. HP: 41/73 MP: 6/6
  2955 | Ossuary  | Reached skill level 7 in Unarmed Combat
  2962 | Ossuary  | XOM: potion effect (might)
  3101 | D:4      | XOM: harmless Fire miscast
  3475 | D:5      | Entered Level 5 of the Dungeon
  3508 | D:5      | Found a staircase to the Ecumenical Temple.
  3511 | D:5      | XOM: enchant monster (good)
  3538 | D:5      | XOM: confuse monster(s)
  3539 | D:5      | XOM: harmless Summ miscast
  3546 | D:5      | Reached skill level 8 in Unarmed Combat
  3563 | D:5      | XOM is BORED!
  3563 | D:5      | XOM: medium Chrm miscast
  3569 | D:5      | Found an opulent altar of Gozag.
  3707 | D:5      | Reached XP level 8. HP: 82/82 MP: 7/7
  3847 | D:5      | XOM: silly message
  3866 | D:5      | Reached skill level 9 in Unarmed Combat
  4036 | D:6      | Reached skill level 10 in Unarmed Combat
  4102 | D:6      | Noticed Sigmund
  4105 | D:6      | XOM: summons 3 friendly demons
  4111 | D:6      | Killed Sigmund
  4224 | D:6      | Found a blossoming altar of Fedhas.
  4237 | D:6      | XOM: confuse monster(s)
  4248 | D:6      | XOM: potion effect (brilliance)
  4521 | D:6      | Reached XP level 9. HP: 92/92 MP: 8/8
  4529 | D:6      | XOM: god gift: 7 rations
  4730 | D:7      | Reached skill level 11 in Unarmed Combat
  4776 | D:7      | XOM: 8-stop teleportation journey
  4994 | D:7      | XOM: summons 9 friendly demons
  5016 | D:7      | XOM: summons 3 friendly demons
  5023 | D:7      | Reached skill level 12 in Unarmed Combat
  5113 | D:7      | Noticed Menkaure
  5114 | D:7      | XOM: summons friendly crimson imp
  5118 | D:7      | Killed Menkaure
  5120 | D:7      | Noticed Harold
  5121 | D:7      | XOM: summons friendly white imp
  5147 | D:7      | Killed Harold
  5221 | D:7      | XOM: cleaving
  5224 | D:7      | Reached XP level 10. HP: 57/103 MP: 9/9
  5241 | D:7      | XOM: cast spell 'Call Canine Familiar'
  5357 | D:7      | XOM: 2-stop teleportation journey
  5367 | D:7      | Reached skill level 13 in Unarmed Combat
  5501 | D:7      | XOM: scenery: create altars
  5717 | D:7      | Found a sacrificial altar of Ru.
  5740 | D:8      | Noticed a two-headed ogre
  5745 | D:8      | XOM: divination: magic mapping
  5748 | D:8      | Killed a two-headed ogre
  5748 | D:8      | Reached skill level 5 in Fighting
  6281 | D:9      | XOM: polymorph orc wizard -> killer bee
  6412 | D:9      | XOM: cloud trail
  6433 | D:9      | XOM: silly message
  6473 | D:9      | XOM: harmless Pois miscast
  6523 | D:9      | Found a burning altar of Makhleb.
  6523 | D:9      | Noticed a cacodemon
  6526 | D:9      | Noticed an orange demon
  6725 | D:9      | Reached skill level 14 in Unarmed Combat
  6867 | D:9      | Found a flagged portal.
  6959 | D:10     | Entered Level 10 of the Dungeon
  7015 | D:10     | Noticed a two-headed ogre
  7021 | D:10     | Killed a two-headed ogre
  7252 | D:10     | Found a staircase to the Lair.
  7581 | D:10     | Found a shattered altar of Ashenzari.
  7606 | D:10     | Found a roughly hewn altar of Beogh.
  7617 | D:10     | XOM: fog
  7631 | D:10     | Reached XP level 11. HP: 84/115 MP: 10/10
  7750 | D:10     | XOM: summons friendly crimson imp
  7904 | D:10     | Reached skill level 15 in Unarmed Combat
  7976 | D:10     | XOM: confuse monster(s)
  8179 | D:11     | Noticed a white ugly thing
  8186 | D:11     | XOM: divination: detect items
  8188 | D:11     | Killed a white ugly thing
  8418 | Lair:1   | Entered Level 1 of the Lair of Beasts
  8452 | Lair:1   | Noticed Gastronok
  8459 | Lair:1   | XOM: summons 6 friendly demons
  8461 | Lair:1   | XOM: summons friendly shadow imp
  8468 | Lair:1   | Killed Gastronok
  8468 | Lair:1   | Reached skill level 16 in Unarmed Combat
  8513 | Lair:1   | XOM: 8-stop teleportation journey
  8608 | Lair:1   | Noticed an oklob plant
  8733 | Lair:1   | XOM: noise
  8777 | Lair:1   | XOM: give mutation
  8777 | Lair:1   | Gained mutation: You have a beak for a mouth. [Xom's grace]
  9361 | Lair:2   | XOM: cleaving
  9484 | Lair:2   | XOM: scenery: create altars
  9491 | Lair:2   | XOM: fog
  9497 | Lair:2   | XOM: summons friendly iron imp
  9614 | Lair:2   | XOM: snakes to sticks
  9735 | Lair:2   | XOM: cast spell 'Necromutation'
  9738 | Lair:2   | XOM: enchant monster (good)
 10209 | Lair:3   | Found a gate leading to a gauntlet.
 10278 | Lair:3   | XOM: scenery: create altars
 10328 | Lair:3   | XOM: cloud trail
 10362 | Lair:3   | Reached skill level 17 in Unarmed Combat
 10362 | Lair:3   | Reached XP level 12. HP: 92/126 MP: 11/11
 10377 | Lair:3   | XOM: confuse monster(s)
 10425 | Lair:3   | XOM: scenery: create altars
 10560 | Lair:3   | XOM: noise
 10839 | Lair:3   | Found a hole to the Spider Nest.
 11015 | Lair:3   | XOM: harmless Fire miscast
 11047 | Lair:4   | XOM: mild Tmut miscast
 11106 | Lair:4   | Noticed an eight-headed hydra
 11111 | Lair:4   | XOM: swap monsters
 11135 | Lair:3   | Slain by a nine-headed hydra

Levels and vault maps discovered:
D:1:      dpeg_arrival_arbitrary_c, layout_basic, minmay_cut_off
D:2:      layout_basic, nicolae_overflow_quartered_altars, zin_angel
D:3:      layout_rooms, lemuel_round_altar, first_ration
D:4:      layout_rooms, nicolae_ossuary_entry_catacombs, grunt_ministairs_5,
          kennysheep_generic_room_15, uniq_robin
D:5:      layout_rooms, minmay_temple_entry_trees, basic_altar,
          grunt_ministairs_12
D:6:      layout_cave_pools, minmay_liquid_box, fedhas_altar_3, uniq_sigmund
D:7:      layout_gridville, kennysheep_mini_moat, grunt_livestock, uniq_harold,
          uniq_menkaure
D:8:      layout_rooms, minmay_misc_feat_room
D:9:      layout_irregular_city, makhleb_altar_promises_db, enter_bailey_7,
          serial_column_ruins, column_ruins_open_tiny_water,
          column_ruins_corridor_T, column_ruins_open_medium,
          column_ruins_grid_3, column_ruins_grid_4
D:10:     layout_basic, lair_entry_dummy, basic_altar, special_room
          [special_room_orc]
D:11:     layout_irregular_city, gammafunk_ghost_arena, kennysheep_nub
Lair:1:   layout_regular_city, minmay_lair_oklob_chamber,
          infiniplex_staircase_pool, uniq_gastronok
Lair:2:   layout_loops_ring
Lair:3:   layout_gridlike, nicolae_spider_entry_orb_guardian,
          gauntlet_entry_generic
Lair:4:   layout_small_grid, minmay_shoals_entry_hut

Skill      XL: |  1  2  3  4  5  6  7  8  9 10 11 |
---------------+----------------------------------+-----
Dodging        | 2 3 |  3.1
Unarmed Combat | 4 5 6 8 10 12 14 17 | 17.4
Fighting       | 3 4 5 6 |  6.5
Stealth        | 1 |  1.0

Action                   |  1- 3 |  4- 6 |  7- 9 | 10-12 || total
-------------------------+-------+-------+-------+-------++-------
Melee: Unarmed           |   123 |   152 |   247 |   371 ||   893
       Punch             |     1 |     3 |     4 |    26 ||    34
       Headbutt          |       |    19 |    40 |    70 ||   129
       Peck              |       |       |       |    10 ||    10
  Use: Scroll            |       |       |     8 |     2 ||    10
       Potion            |       |       |     4 |     2 ||     6
 Stab: Confused          |       |     1 |     1 |       ||     2
       Sleeping          |       |     3 |     2 |     2 ||     7
       Paralysed         |       |       |     2 |       ||     2
       Petrified         |       |       |       |     1 ||     1
       Distracted        |       |       |       |     1 ||     1
  Eat: Chunk             |    17 |    14 |    19 |    54 ||   104
Armor: Robe              |    85 |    64 |    78 |    95 ||   322
Dodge: Dodged            |    61 |    61 |   118 |   134 ||   374
